[Event "Titled Tuesday Blitz December 06 Early 2022"]
[White "Ilkhomi, Jaloliddin"]
[Black "Korchmar, Vasiliy"]
[WhiteFideId "14700948"]
[BlackFideId "24131750"]
[WhiteElo "2045"]
[BlackElo "2370"]
[Result "0-1"]
[Round "06"]
[TimeControl "180+1"]
[Date "2022.12.07"]
[WhiteClock "0:00:20"]
[BlackClock "0:00:11"]

1. d4 d5 2. Bf4 Nf6 3. e3 c5 4. c3 Nc6 5. Nf3 Qb6 6. Qc2 Bg4 7. Nbd2 e6 8. Ne5 Nxe5 9. Bxe5 Nd7 10. Bg3 Be7 11. Bd3 c4 12. Be2 Bxe2 13. Kxe2 O-O 14. Rhe1 Qc6 15. Kf1 b5 16. e4 Nb6 17. exd5 Nxd5 18. Nf3 Bf6 19. Be5 Be7 20. Bg3 b4 21. Ne5 Qb5 22. Kg1 Rac8 23. h3 a5 24. Ng4 a4 25. Ne3 Nb6 26. cxb4 Bxb4 27. Red1 a3 28. Rab1 Qa6 29. bxa3 Bxa3 30. d5 exd5 31. Nxd5 Nxd5 32. Rxd5 c3 33. Rb3 Bb2 34. a3 Qc4 35. Rd3 Qe4 36. f3 Qg6 37. Rb4 Rcd8 38. Rxc3 Bxc3 39. Qxc3 Qxg3 40. Qa1 Rd2 41. Rg4 Rxg2+ 42. Kf1 Qxf3+ 43. Ke1 Qe2# 0-1


[Site "https://www.chess.com"]

[Event "Titled Tuesday Blitz December 06 Early 2022"]
[White "Iskusnyh, Sergei"]
[Black "Kravtsiv, Martyn"]
[WhiteFideId "4120027"]
[BlackFideId "14113147"]
[WhiteElo "2492"]
[BlackElo "2695"]
[Result "1/2-1/2"]
[Round "06"]
[TimeControl "180+1"]
[Date "2022.12.06"]
[WhiteClock "0:00:05"]
[BlackClock "0:00:04"]

1. d4 d5 2. c4 e6 3. Nf3 Nf6 4. g3 Bb4+ 5. Bd2 Be7 6. Bg2 O-O 7. O-O c6 8. Qc2 Nbd7 9. a3 a5 10. Rc1 b5 11. cxb5 cxb5 12. Bf4 Ba6 13. Bc7 Qe8 14. Bxa5 Ne4 15. Nbd2 f5 16. e3 g5 17. Qc6 Bf6 18. Bb4 Rf7 19. Nxe4 fxe4 20. Nd2 g4 21. Nxe4 dxe4 22. Qxe4 Rc8 23. Qxg4+ Bg7 24. Rxc8 Bxc8 25. Rc1 Nf6 26. Qg5 Nd5 27. Bd6 h6 28. Qg4 Bb7 29. Be5 Nf6 30. Bxf6 Bxg2 31. Kxg2 Rxf6 32. Qe4 Rf7 33. Rc6 e5 34. d5 Qf8 35. f3 Rf6 36. Rxf6 Qxf6 37. Qd3 Qb6 38. d6 Kf8 39. Qf5+ Kg8 40. Qe6+ Kh7 41. Qf5+ Kg8 42. Qc8+ Kh7 43. Qc2+ Kh8 44. Qc8+ Kh7 45. Qf5+ Kh8 46. d7 Bf6 47. Qg6 Qd6 48. Qxh6+ Kg8 49. Qg6+ Kf8 50. Qe8+ Kg7 51. h4 e4 52. fxe4 Qd3 53. e5 Qc2+ 54. Kh3 Qf5+ 55. Kg2 Qe4+ 56. Kf2 Qc2+ 57. Kf3 Qf5+ 58. Kg2 Qc2+ 59. Kh3 Qf5+ 60. Kg2 1/2-1/2


[Site "https://www.chess.com"]

[Event "Titled Tuesday Blitz December 06 Early 2022"]
[White "Ismayil, Malak"]
[Black "Liu, Xiangyi"]
[WhiteFideId "13412604"]
[BlackFideId "8605718"]
[WhiteElo "1880"]
[BlackElo "2323"]
[Result "0-1"]
[Round "06"]
[TimeControl "180+1"]
[Date "2022.12.07"]
[WhiteClock "0:01:48"]
[BlackClock "0:02:01"]

1. e4 c5 2. Nf3 e6 3. g3 h5 4. h4 Nf6 5. Bg2 Ng4 6. d3 Nc6 7. Nc3 a6 8. Bg5 f6 9. Bd2 b5 10. a3 Rb8 11. Qe2 Qb6 12. e5 Ncxe5 13. Nxe5 Nxe5 14. f4 Ng4 15. f5 Bd6 16. O-O-O b4 17. Nb1 bxa3 18. Nxa3 Qxb2# 0-1


[Site "https://www.chess.com"]

[Event "Titled Tuesday Blitz December 06 Early 2022"]
[White "Itgelt, Khuyagtsogt"]
[Black "Yeletsky, Ivan"]
[WhiteFideId "4902912"]
[BlackFideId "24180327"]
[WhiteElo "2227"]
[BlackElo "2391"]
[Result "1-0"]
[Round "06"]
[TimeControl "180+1"]
[Date "2022.12.07"]
[WhiteClock "0:00:12"]
[BlackClock "0:00:06"]

1. d4 f5 2. Bg5 h6 3. Bh4 g5 4. e4 Rh7 5. Be2 e6 6. Bh5+ Ke7 7. Nf3 gxh4 8. Nxh4 d6 9. exf5 exf5 10. Qf3 Kf6 11. Nc3 Kg7 12. g3 Be7 13. Bg6 Bxh4 14. Bxh7 Kxh7 15. gxh4 Qe7+ 16. Kd2 Qxh4 17. Rhg1 Nc6 18. Rae1 Nxd4 19. Qd5 Qxf2+ 20. Ne2 Nf3+ 21. Kd1 Nxg1 22. Qf7+ Kh8 23. Rxg1 Qxg1+ 24. Nxg1 f4 25. h3 f3 26. Nxf3 Bxh3 27. Nh4 Bg4+ 28. Kd2 Bh5 29. Qxh5 Kg7 30. Qg6+ Kf8 31. Nf5 1-0


[Site "https://www.chess.com"]

[Event "Titled Tuesday Blitz December 06 Early 2022"]
[White "Jiganchine, Roman"]
[Black "Atakhan, Abtin"]
[WhiteFideId "2603667"]
[BlackFideId "22502203"]
[WhiteElo "2349"]
[BlackElo "2189"]
[Result "0-1"]
[Round "06"]
[TimeControl "180+1"]
[Date "2022.12.07"]
[WhiteClock "0:00:01"]
[BlackClock "0:00:18"]

1. e4 c5 2. Nf3 d6 3. Bb5+ Nd7 4. a4 a6 5. Be2 Ngf6 6. Nc3 g6 7. a5 Bg7 8. d4 O-O 9. O-O cxd4 10. Nxd4 Ne5 11. f4 Nc6 12. Be3 Bd7 13. Nb3 Be6 14. Qe1 Rc8 15. Qh4 Nb4 16. Bb6 Qd7 17. Nd4 Bc4 18. Bxc4 Rxc4 19. Rad1 Qg4 20. Qf2 e5 21. h3 Qc8 22. fxe5 dxe5 23. Nf3 Nxe4 24. Nxe4 Rxe4 25. c3 Nc6 26. Ng5 Rf4 27. Qe2 Qf5 28. Rxf4 Qxf4 29. Nf3 e4 30. Nd4 Nxd4 31. cxd4 Re8 32. Rf1 Qd6 33. Qc4 Qd7 34. d5 Bxb2 35. Rd1 e3 36. Qe2 Bf6 37. Qf3 e2 38. Re1 Bh4 39. Rxe2 Rxe2 40. Qxe2 Qxd5 41. Qe8+ Kg7 42. Qe2 Bf6 43. h4 Bd4+ 44. Bxd4+ Qxd4+ 45. Kh2 Qxh4+ 46. Kg1 Qd4+ 47. Kh2 Qd6+ 48. Kh3 Qa3+ 49. g3 Qxa5 50. Qb2+ Kh6 51. Qxb7 Qf5+ 52. Kg2 a5 53. Qc6 Kg7 54. Qc3+ Kg8 55. Qc7 h5 56. Qd8+ Kg7 57. Qd4+ Qf6 58. Qc5 Qa1 59. Kh3 Qh1# 0-1


[Site "https://www.chess.com"]

[Event "Titled Tuesday Blitz December 06 Early 2022"]
[White "Jobava, Baadur"]
[Black "Artemenko, Oleg"]
[WhiteFideId "13601520"]
[BlackFideId "14201798"]
[WhiteElo "2582"]
[BlackElo "2287"]
[Result "1-0"]
[Round "06"]
[TimeControl "180+1"]
[Date "2022.12.06"]
[WhiteClock "0:01:18"]
[BlackClock "0:00:18"]

1. b3 e5 2. Bb2 Bd6 3. g3 Nc6 4. Bg2 f5 5. c4 Nf6 6. Nc3 O-O 7. e3 a6 8. Nge2 Qe7 9. O-O Ba3 10. Bxa3 Qxa3 11. Qc1 Qxc1 12. Rfxc1 Ne7 13. b4 Rb8 14. a4 b6 15. d4 d6 16. b5 a5 17. c5 dxc5 18. dxc5 Be6 19. f4 bxc5 20. fxe5 Ng4 21. Nf4 Kf7 22. Nxe6 Kxe6 23. Ne2 g5 24. Rxc5 Nxe5 25. Nd4+ Kd6 26. Rc2 Nd5 27. Rd1 Ng4 28. Rc6+ Kd7 29. Bxd5 Nxe3 30. Be6+ Ke7 31. Re1 f4 32. Nf5+ 1-0


[Site "https://www.chess.com"]

[Event "Titled Tuesday Blitz December 06 Early 2022"]
[White "Kamsky, Gata"]
[Black "Gabdrakhmanov, Azat"]
[WhiteFideId "2000024"]
[BlackFideId "34189197"]
[WhiteElo "2666"]
[BlackElo "2254"]
[Result "0-1"]
[Round "06"]
[TimeControl "180+1"]
[Date "2022.12.07"]
[WhiteClock "0:00:05"]
[BlackClock "0:00:16"]

1. d4 Nf6 2. Bf4 g6 3. c3 Bg7 4. Nf3 O-O 5. Nbd2 d5 6. e3 b6 7. a4 c5 8. h3 Bf5 9. Be2 Nc6 10. O-O Ne4 11. Qb3 Nxd2 12. Nxd2 c4 13. Qa3 f6 14. b3 e5 15. Bg3 cxb3 16. Qxb3 Kh8 17. Ba6 Na5 18. Qb4 Qd7 19. Rfd1 Rfd8 20. Nf3 Nc6 21. Qb5 e4 22. Nd2 Na5 23. Qxd7 Bxd7 24. Rdc1 Bf8 25. Rc2 Bc8 26. Bb5 Bb7 27. Raa2 Rac8 28. Bf1 Bd6 29. c4 Bxg3 30. fxg3 dxc4 31. Bxc4 Nxc4 32. Rxc4 Rxc4 33. Nxc4 Bd5 34. Rc2 Rc8 35. Na3 Rxc2 36. Nxc2 Bb3 37. Nb4 Bxa4 38. Kf2 Bb3 39. d5 a5 40. d6 Be6 41. Nd5 a4 42. Ke2 a3 43. Nb4 Kg7 44. Kd2 Kf7 45. Kc3 Ke8 46. Nc2 a2 47. Kb2 Kd7 48. Nb4 Kxd6 49. Nxa2 Bxa2 50. Kxa2 Kc5 51. Kb3 b5 52. g4 g5 53. g3 b4 54. h4 h6 0-1


[Site "https://www.chess.com"]

[Event "Titled Tuesday Blitz December 06 Early 2022"]
[White "Kashtanov, Ruslan"]
[Black "Palacio,Igor Da Paz"]
[WhiteFideId "4124871"]
[BlackFideId "2121140"]
[WhiteElo "2276"]
[BlackElo "2126"]
[Result "1/2-1/2"]
[Round "06"]
[TimeControl "180+1"]
[Date "2022.12.07"]
[WhiteClock "0:00:04"]
[BlackClock "0:00:03"]

1. d4 Nf6 2. c4 g6 3. Nc3 Bg7 4. e4 d6 5. h3 O-O 6. Bg5 h6 7. Be3 Na6 8. Nf3 c5 9. d5 Nc7 10. Qd2 Kh7 11. Bd3 Nd7 12. O-O b6 13. a3 Rb8 14. b4 a5 15. bxa5 bxa5 16. Rab1 Ba6 17. Na4 Rxb1 18. Rxb1 Na8 19. Qe1 Qc7 20. Bd2 Rb8 21. Bxa5 Rxb1 22. Bxb1 Qb7 23. Nd2 Bd4 24. Qc1 Ne5 25. Bc3 Bxc3 26. Nxc3 Nxc4 27. Nxc4 Bxc4 28. e5 Bxd5 29. Nxd5 Qxd5 30. exd6 exd6 31. h4 Nb6 32. g3 Qc4 33. Qe3 Kg7 34. Bd3 Qb3 35. h5 Qxa3 36. hxg6 Qa1+ 37. Kg2 Qf6 38. gxf7 Qxf7 39. Qe4 Qd5 40. Kf3 Qxe4+ 41. Kxe4 d5+ 42. Ke5 c4 43. Bc2 c3 44. Kd4 Kf6 45. Kxc3 Ke5 46. Kd3 Nd7 47. Ke3 Nf6 48. f4+ Kd6 49. Kf3 Kc5 50. g4 d4 51. g5 hxg5 52. fxg5 Ng8 53. Ke4 Kc4 54. Bd3+ Kc3 55. Bb1 Ne7 56. Ke5 d3 57. Bxd3 Kxd3 58. Ke6 Ng6 59. Kf6 Nh4 60. g6 Nxg6 1/2-1/2


[Site "https://www.chess.com"]

[Event "Titled Tuesday Blitz December 06 Early 2022"]
[White "Kazakouski, Valery"]
[Black "Ovchinnikov, Vsevolod"]
[WhiteFideId "13507443"]
[BlackFideId "24176842"]
[WhiteElo "2516"]
[BlackElo "2376"]
[Result "1-0"]
[Round "06"]
[TimeControl "180+1"]
[Date "2022.12.06"]
[WhiteClock "0:00:22"]
[BlackClock "0:00:01"]

1. Nf3 Nf6 2. c4 g6 3. g3 Bg7 4. Bg2 d5 5. cxd5 Nxd5 6. d4 Nc6 7. O-O Nb6 8. e3 O-O 9. Nc3 e5 10. d5 Ne7 11. e4 Bg4 12. h3 Bxf3 13. Qxf3 c6 14. Rd1 cxd5 15. exd5 Nf5 16. d6 Rb8 17. Be3 Nd4 18. Bxd4 exd4 19. Nb5 Nc4 20. Qd5 Nxb2 21. Rd2 Na4 22. Nxd4 Nc3 23. Qf3 Rc8 24. Nb3 b5 25. Re1 b4 26. Qb7 a5 27. Qa6 a4 28. Na5 Qd7 29. Qb7 Qf5 30. d7 Rcd8 31. Nc6 1-0


[Site "https://www.chess.com"]

[Event "Titled Tuesday Blitz December 06 Early 2022"]
[White "Kim, Sergey"]
[Black "Battlecruiser_Operational"]
[WhiteFideId "13700570"]
[WhiteElo "2626"]
[BlackElo "2253"]
[Result "1-0"]
[Round "06"]
[TimeControl "180+1"]
[Date "2022.12.07"]
[WhiteClock "0:00:11"]
[BlackClock "0:00:05"]

1. d4 d5 2. c4 c6 3. Nf3 Nf6 4. Qc2 a6 5. Nbd2 g6 6. e3 Bg7 7. Bd3 O-O 8. O-O b5 9. b3 Be6 10. Bb2 Qd6 11. a4 bxc4 12. bxc4 a5 13. Ba3 Qd8 14. Rab1 Na6 15. Ne5 Bd7 16. Rb7 Nb4 17. Bxb4 axb4 18. Rxb4 Qa5 19. Rb7 Rfd8 20. Nxd7 Rxd7 21. Rxd7 Nxd7 22. cxd5 cxd5 23. Bb5 Nb6 24. Qc6 e6 25. Nb3 Qa7 26. a5 Nc8 27. Ra1 Bf8 28. Nc5 Nd6 29. Bf1 Rc8 30. Qd7 Rc7 31. Qa4 Ne4 32. Nxe4 dxe4 33. a6 h5 34. Qe8 Kg7 35. Rb1 Bd6 36. g3 h4 37. Rb8 Kf6 38. Qh8+ Ke7 39. Qd8# 1-0


[Site "https://www.chess.com"]

[Event "Titled Tuesday Blitz December 06 Early 2022"]
[White "Kirillov, Dmitry"]
[Black "Salinas Herrera, Pablo"]
[WhiteFideId "34180572"]
[BlackFideId "3407128"]
[WhiteElo "2111"]
[BlackElo "2557"]
[Result "0-1"]
[Round "06"]
[TimeControl "180+1"]
[Date "2022.12.07"]
[WhiteClock "0:00:02"]
[BlackClock "0:00:11"]

1. e4 c5 2. Nc3 a6 3. a4 g6 4. f4 Bg7 5. Nf3 Nc6 6. Bc4 d6 7. O-O Nf6 8. d3 O-O 9. h3 Nd4 10. Be3 Nxf3+ 11. Qxf3 Rb8 12. g4 Bd7 13. f5 b5 14. axb5 axb5 15. Bb3 c4 16. dxc4 bxc4 17. Bxc4 Rxb2 18. Bb3 Qc7 19. Bc1 Rxb3 20. cxb3 Nxg4 21. hxg4 Bxc3 22. Bh6 Bxa1 23. Rxa1 Rb8 24. Qe3 f6 25. Rc1 Qb7 26. Rc3 Bc6 27. g5 Bxe4 28. gxf6 exf6 29. Qd4 Bxf5 30. Qxf6 Qf7 31. Qxd6 Re8 32. Re3 Be4 33. Qd4 Qb7 34. Kf2 Qf7+ 35. Kg1 Qb7 36. Rxe4 Rxe4 37. Qd8+ Kf7 38. Qf8+ Ke6 39. Qe8+ Kf5 40. Qf8+ Kg4 41. Qf2 Kh5 42. Bd2 Rg4+ 43. Kf1 Qh1+ 44. Ke2 Rg2 0-1


[Site "https://www.chess.com"]

[Event "Titled Tuesday Blitz December 06 Early 2022"]
[White "Kleiman, Jake"]
[Black "Muminova, Nafisa"]
[WhiteFideId "2020041"]
[BlackFideId "14201526"]
[WhiteElo "2547"]
[BlackElo "2258"]
[Result "1-0"]
[Round "06"]
[TimeControl "180+1"]
[Date "2022.12.07"]
[WhiteClock "0:00:47"]
[BlackClock "0:00:28"]

1. e4 e6 2. d3 d5 3. Qe2 Be7 4. Nf3 Nc6 5. g3 dxe4 6. dxe4 e5 7. Bg2 Nf6 8. c3 O-O 9. O-O a5 10. Rd1 Qe8 11. a4 b6 12. Bg5 Ba6 13. Qe1 Ng4 14. Bxe7 Qxe7 15. h3 Nf6 16. Na3 Rad8 17. Qe3 Nd7 18. Bf1 Bxf1 19. Kxf1 Nc5 20. Qe2 Qe6 21. Kg2 Nxa4 22. Rxd8 Rxd8 23. Nb5 Qb3 24. Nxc7 Qxb2 25. Qe1 Nxc3 26. Rc1 Rd3 27. Nd5 Rxf3 28. Kxf3 Nd4+ 29. Kg2 Qe2 30. Rxc3 1-0


[Site "https://www.chess.com"]

[Event "Titled Tuesday Blitz December 06 Early 2022"]
[White "Koellner, Ruben Gideon"]
[Black "Sadilek, Peter"]
[WhiteFideId "12993093"]
[BlackFideId "1616439"]
[WhiteElo "2303"]
[BlackElo "2227"]
[Result "1-0"]
[Round "06"]
[TimeControl "180+1"]
[Date "2022.12.07"]
[WhiteClock "0:00:21"]
[BlackClock "0:00:13"]

1. d4 Nf6 2. Bg5 Ne4 3. Bf4 d6 4. f3 Nf6 5. e4 Nbd7 6. Nc3 e5 7. Be3 Be7 8. Qd2 c6 9. Nge2 O-O 10. O-O-O b5 11. Kb1 Qa5 12. Nd5 Qd8 13. Nxe7+ Qxe7 14. g4 Nb6 15. Ng3 Be6 16. Nf5 Bxf5 17. gxf5 Kh8 18. Rg1 Rfd8 19. Qg2 Rg8 20. Qf2 exd4 21. Bxd4 c5 22. Bc3 b4 23. Bd2 Rad8 24. Bf4 d5 25. e5 Nh5 26. Bg5 f6 27. exf6 Nxf6 28. Re1 Qf7 29. Re6 d4 30. Qh4 Nbd5 31. Bc4 Rde8 32. Rge1 Rxe6 33. fxe6 Qg6 34. Bxf6 Nxf6 35. e7 Rb8 36. Qf4 Rc8 37. Qd6 Re8 38. Bb5 d3 39. cxd3 h6 40. Bxe8 Qxe8 41. Qd8 Kg8 42. Qxe8+ Nxe8 43. Re5 Kf7 44. Rxc5 Kxe7 45. Rc4 a5 46. Rc5 1-0


[Site "https://www.chess.com"]

[Event "Titled Tuesday Blitz December 06 Early 2022"]
[White "Kollars, Dmitrij"]
[Black "Gatterer, Florian"]
[WhiteFideId "12909572"]
[BlackFideId "811688"]
[WhiteElo "2584"]
[BlackElo "2218"]
[Result "1-0"]
[Round "06"]
[TimeControl "180+1"]
[Date "2022.12.07"]
[WhiteClock "0:01:17"]
[BlackClock "0:00:33"]

1. e4 c6 2. d4 d5 3. e5 Bf5 4. Nf3 e6 5. Be2 Nd7 6. O-O Ne7 7. c3 h6 8. a4 a5 9. Na3 g5 10. Nc2 Bg7 11. Ne3 Bg6 12. Ne1 c5 13. Bb5 Nc6 14. b3 cxd4 15. cxd4 O-O 16. Ba3 Nb4 17. Nd3 Nxd3 18. Bxd3 Bxd3 19. Qxd3 Re8 20. f4 Bf8 21. Bxf8 Nxf8 22. f5 f6 23. Ng4 fxe5 24. dxe5 exf5 25. Nxh6+ Kh8 26. Nf7+ 1-0


[Site "https://www.chess.com"]

[Event "Titled Tuesday Blitz December 06 Early 2022"]
[White "Korobov, Anton"]
[Black "Ohanyan, Emin"]
[WhiteFideId "14105730"]
[BlackFideId "13312022"]
[WhiteElo "2635"]
[BlackElo "2352"]
[Result "1-0"]
[Round "06"]
[TimeControl "180+1"]
[Date "2022.12.06"]
[WhiteClock "0:01:36"]
[BlackClock "0:00:51"]

1. d4 Nf6 2. c4 e6 3. Nf3 d5 4. Nc3 Bb4 5. cxd5 exd5 6. Bg5 c6 7. e3 h6 8. Bh4 O-O 9. Bd3 Nbd7 10. O-O Re8 11. Qc2 Nf8 12. Ne5 Ne6 13. f4 Be7 14. g4 Nxg4 15. Bxe7 Nxe3 16. Bh7+ 1-0


[Site "https://www.chess.com"]

[Event "Titled Tuesday Blitz December 06 Early 2022"]
[White "Kvaloy, Aksel Bu"]
[Black "Paiva, Henrique M A Albergaria"]
[WhiteFideId "1528815"]
[BlackFideId "1920995"]
[WhiteElo "2184"]
[BlackElo "1993"]
[Result "1-0"]
[Round "06"]
[TimeControl "180+1"]
[Date "2022.12.07"]
[WhiteClock "0:00:11"]
[BlackClock "0:00:25"]

1. d4 d5 2. c4 c6 3. Nf3 Nf6 4. g3 Bf5 5. Bg2 e6 6. Qb3 b6 7. Nc3 Nbd7 8. O-O Be7 9. Ne5 Rc8 10. Qa4 Qc7 11. Bf4 Qb7 12. cxd5 exd5 13. Rac1 O-O 14. Rfd1 Rfe8 15. b4 b5 16. Qb3 Nb6 17. a4 a6 18. Nd3 Nc4 19. axb5 axb5 20. Nc5 Bxc5 21. dxc5 Ne4 22. Nxe4 Bxe4 23. f3 Bg6 24. Kf2 Qe7 25. Re1 Ra8 26. e4 Ra3 27. Qc2 dxe4 28. fxe4 Qa7 29. Kg1 Ra2 30. Qc3 Ra3 31. Qd4 Qa4 32. e5 Qa6 33. Qd7 Rc8 34. e6 fxe6 35. Qxe6+ Bf7 36. Qd7 h6 37. Rcd1 Ra2 38. Re7 Rxg2+ 39. Kxg2 Rf8 40. Rxf7 Rxf7 41. Qe6 Qa2+ 42. Kg1 Qa7 43. Rd8+ Kh7 44. Qe4+ g6 45. Qe8 Qa1+ 46. Kg2 Qg7 47. Qxc6 g5 48. Qe4+ Qg6 49. Rh8+ Kg7 50. Rg8+ Kxg8 51. Qxg6+ Rg7 52. Qe6+ Kh7 53. Be5 Ne3+ 54. Kf3 g4+ 55. Kxe3 Ra7 56. Qf5+ Kg8 57. Qg6+ Kf8 58. Bd6+ Re7+ 59. Bxe7+ Kxe7 60. Qd6+ Kf7 61. Ke4 Kg7 62. Kf5 h5 63. Qd7+ Kf8 64. Kg6 1-0


[Site "https://www.chess.com"]

[Event "Titled Tuesday Blitz December 06 Early 2022"]
[White "Kyaw Lay Htaik"]
[Black "Sadykov, Ramil"]
[WhiteFideId "13002007"]
[BlackFideId "24113590"]
[WhiteElo "2261"]
[BlackElo "2245"]
[Result "0-1"]
[Round "06"]
[TimeControl "180+1"]
[Date "2022.12.07"]
[WhiteClock "0:00:01"]
[BlackClock "0:00:07"]

1. d4 Nf6 2. Nf3 g6 3. Bf4 Bg7 4. Nc3 d5 5. Qd2 Ne4 6. Qd3 c5 7. Nb5 Qa5+ 8. c3 c4 9. Nc7+ Qxc7 10. Bxc7 cxd3 11. exd3 Nf6 12. h3 Nc6 13. Be2 O-O 14. O-O Ne8 15. Bg3 f6 16. Rfe1 Nd6 17. Bd1 Nf5 18. Bc7 h5 19. Bb3 e6 20. Re2 Rf7 21. Bh2 Bd7 22. Rae1 b5 23. a3 a5 24. g4 hxg4 25. hxg4 Nh6 26. Nh4 Nxg4 27. Nxg6 Nxh2 28. Kxh2 Bh6 29. Rg1 Kh7 30. Nh4 Bf4+ 31. Kh1 b4 32. Rg4 Bh6 33. Ng2 Rb8 34. axb4 axb4 35. Ba4 bxc3 36. bxc3 f5 37. Rh4 Nd8 38. Bxd7 Rxd7 39. Nf4 Rb6 40. Nh5 Kg6 41. Ng3 Bg5 42. Rh8 Rh7+ 43. Rxh7 Kxh7 44. Kg2 Kg6 45. Nf1 Rb1 46. Rc2 Rc1 47. Ra2 Rxc3 48. Ra7 Rxd3 49. Rd7 Rxd4 50. Ne3 Bxe3 51. fxe3 Rg4+ 52. Kf3 Nf7 53. Re7 Kf6 54. Re8 Ng5+ 55. Ke2 Ke5 56. Rg8 Ne4 57. Re8 Rg2+ 0-1


[Site "https://www.chess.com"]

[Event "Titled Tuesday Blitz December 06 Early 2022"]
[White "Lakshmi C"]
[Black "Kuznetsov, Mikhail"]
[WhiteFideId "25035347"]
[BlackFideId "4117190"]
[WhiteElo "1942"]
[BlackElo "1981"]
[Result "0-1"]
[Round "06"]
[TimeControl "180+1"]
[Date "2022.12.07"]
[WhiteClock "0:00:01"]
[BlackClock "0:00:04"]

1. d4 Nf6 2. c4 g6 3. Nf3 Bg7 4. g3 O-O 5. Nc3 d5 6. cxd5 Nxd5 7. Bg2 Nb6 8. O-O Nc6 9. e4 Nxd4 10. Be3 c5 11. e5 Nc4 12. Nxd4 cxd4 13. Bxd4 Nxe5 14. Re1 Nf3+ 15. Qxf3 Bxd4 16. Nd5 e5 17. Rad1 Be6 18. Nf6+ Kg7 19. Ng4 Bxg4 20. Qxg4 Qb6 21. Qe2 Rac8 22. b3 Rc7 23. Rf1 Rfc8 24. Rd2 Rc1 25. Kh1 Rxf1+ 26. Bxf1 Rc1 27. Kg2 Qc6+ 28. f3 b6 29. Qb5 Qc3 30. Qd3 Qa1 31. f4 Re1 32. fxe5 Bxe5 33. Qf3 Bf6 34. Rf2 Qe5 35. Bc4 Qe4 36. Qxe4 Rxe4 37. Rd2 Re7 38. Rd6 Be5 39. Rd2 f5 40. a4 Kf6 41. Kf3 g5 42. g4 fxg4+ 43. Kxg4 Bf4 44. Rd5 h6 45. Rf5+ Kg7 46. h4 Re1 47. hxg5 hxg5 48. Rd5 Rg1+ 49. Kf5 Re1 50. Rd7+ Kh6 51. Bg8 Re5+ 52. Kg4 Kg6 53. Bh7+ Kf6 54. Rxa7 Re3 55. Bg8 Rg3+ 56. Kh5 Rh3+ 57. Kg4 Rg3+ 58. Kh5 Kf5 59. Bh7+ Ke5 60. Re7+ Kf6 61. Re8 Rh3+ 62. Kg4 Rh4+ 63. Kf3 Rxh7 64. Rf8+ Ke5 65. Re8+ Kd4 66. Re4+ Kc5 67. b4+ Kc6 68. Re6+ Kb7 69. Rf6 Rh3+ 70. Kg4 Rg3+ 71. Kh5 Rb3 72. b5 Rb4 73. Rf7+ Bc7 74. a5 Ra4 75. a6+ Kb8 76. Rf8+ Ka7 77. Rf7 Rc4 78. Kxg5 Ka8 79. Kf6 Bb8 80. Rb7 Bc7 81. Ke7 Rc5 82. Kd7 Bb8 83. Rxb6 Rd5+ 84. Kc8 Rc5+ 85. Rc6 Rxb5 86. Kd7 Ka7 0-1


[Site "https://www.chess.com"]

[Event "Titled Tuesday Blitz December 06 Early 2022"]
[White "Le, Tuan Minh"]
[Black "Yilmaz, Mustafa"]
[WhiteFideId "12401153"]
[BlackFideId "6302718"]
[WhiteElo "2530"]
[BlackElo "2564"]
[Result "1-0"]
[Round "06"]
[TimeControl "180+1"]
[Date "2022.12.06"]
[WhiteClock "0:02:09"]
[BlackClock "0:00:23"]

1. d4 Nf6 2. Nf3 d5 3. Bf4 c5 4. c3 e6 5. e3 Bd6 6. Nbd2 O-O 7. Bd3 Bxf4 8. exf4 Qc7 9. g3 cxd4 10. cxd4 Qb6 11. Qb3 Qxb3 12. Nxb3 Bd7 13. Nc5 Bc6 14. Rc1 b6 15. Na6 Rc8 16. Ke2 Nbd7 17. Rc2 Ne8 18. Rhc1 Bb7 19. Nc7 Nc5 20. Nxa8 1-0


[Site "https://www.chess.com"]

[Event "Titled Tuesday Blitz December 06 Early 2022"]
[White "Levine, David"]
[Black "Bambino Filho, Antonio Carlos"]
[WhiteFideId "2011611"]
[BlackFideId "2113163"]
[WhiteElo "2190"]
[BlackElo "2384"]
[Result "0-1"]
[Round "06"]
[TimeControl "180+1"]
[Date "2022.12.07"]
[WhiteClock "0:00:17"]
[BlackClock "0:00:15"]

1. d4 Nf6 2. c4 e6 3. g3 d5 4. Bg2 Be7 5. Nf3 O-O 6. O-O dxc4 7. Qc2 a6 8. Qxc4 b5 9. Qc2 Bb7 10. Bf4 Bd6 11. Ne5 Bxg2 12. Kxg2 Nd5 13. Nc3 Nxf4+ 14. gxf4 f6 15. Nd3 Nd7 16. e3 Qe8 17. Qe2 Qg6+ 18. Kh1 b4 19. Rg1 Qf5 20. Nb1 Qd5+ 21. f3 e5 22. dxe5 fxe5 23. e4 Qd4 24. f5 c5 25. Nd2 c4 26. Nf2 Nb6 27. Nf1 Bc5 28. Rg2 Qd7 29. Ng3 Kh8 30. Nh5 Rf7 31. Rag1 Bf8 32. Ng4 Qc7 33. Qf2 c3 34. bxc3 bxc3 35. Nxe5 Qxe5 36. Qxb6 Rc8 37. Qxa6 Rfc7 38. Rc2 Qe8 39. Qe6 Qxh5 40. f6 Qxf3+ 41. Rgg2 Qxf6 0-1


[Site "https://www.chess.com"]

[Event "Titled Tuesday Blitz December 06 Early 2022"]
[White "Madaminov, Mukhiddin"]
[Black "Alex_Sahakyan2006"]
[WhiteFideId "14210703"]
[WhiteElo "2333"]
[BlackElo "2586"]
[Result "1-0"]
[Round "06"]
[TimeControl "180+1"]
[Date "2022.12.07"]
[WhiteClock "0:00:30"]
[BlackClock "0:00:09"]

1. d4 g6 2. Nc3 Bg7 3. e4 c6 4. Bc4 d6 5. Nf3 Nf6 6. e5 dxe5 7. Nxe5 O-O 8. O-O Nbd7 9. Qe2 Nb6 10. Bb3 Qxd4 11. Rd1 Qh4 12. Nxf7 Ng4 13. Bf4 e6 14. Bg3 Qf6 15. Qxg4 Qxf7 16. Ne4 Nd5 17. Bd6 Qf5 18. Qxf5 gxf5 19. Bxf8 Kxf8 20. Nd6 Bxb2 21. Rab1 Nc3 22. Nxc8 Rxc8 23. Bxe6 Re8 24. Bxf5 Nxd1 25. Rxd1 Re7 26. g3 c5 27. Kg2 Bd4 28. Bd3 b6 29. a4 Kg7 30. f4 h6 31. Kf3 h5 32. Rb1 Re3+ 33. Kg2 Bc3 34. Rb3 Be1 35. Kh3 Ba5 36. Rb1 Bc3 37. Rd1 Bd4 38. Rd2 Kh6 39. Re2 Rxe2 40. Bxe2 Kg6 41. Kh4 Bf6+ 42. Kh3 Bd4 43. Kg2 Bf6 44. Kf3 Bd4 45. h3 Kf6 46. Bb5 h4 47. g4 Bc3 48. g5+ Kg7 49. Bd3 Be1 50. Kg4 Kf7 51. f5 Kg7 52. f6+ Kf8 53. Kf5 Bc3 54. g6 Kg8 55. Bc4+ Kf8 56. g7+ Ke8 57. g8=Q+ Kd7 58. Qd5+ Kc7 59. f7 Bg7 60. Bb5 Bf8 61. Qd7+ Kb8 62. Bc6 a5 63. Qb7# 1-0


[Site "https://www.chess.com"]

[Event "Titled Tuesday Blitz December 06 Early 2022"]
[White "Makhmudov, Shukhrat"]
[Black "Tarnowska, Aleksandra"]
[WhiteFideId "14200775"]
[BlackFideId "1180967"]
[WhiteElo "2135"]
[BlackElo "1776"]
[Result "1/2-1/2"]
[Round "06"]
[TimeControl "180+1"]
[Date "2022.12.07"]
[WhiteClock "0:00:22"]
[BlackClock "0:00:13"]

1. e4 c5 2. Nf3 e6 3. c3 d5 4. e5 d4 5. Bd3 Nc6 6. O-O Nge7 7. Re1 Nd5 8. Be4 Nf4 9. d3 Ng6 10. Bg5 Be7 11. Bxe7 Ngxe7 12. cxd4 cxd4 13. Nbd2 Ng6 14. Nc4 O-O 15. a3 a6 16. b4 Bd7 17. Rc1 Rb8 18. Qd2 Be8 19. Bxg6 hxg6 20. Qf4 Ne7 21. Nd6 f6 22. exf6 Rxf6 23. Qxd4 Nc6 24. Rxc6 bxc6 25. Qe5 Rb5 26. Nxb5 cxb5 27. d4 Bc6 28. Ng5 Qd5 29. Qxd5 Bxd5 30. f3 Kf8 31. Nh7+ Ke7 32. Nxf6 gxf6 33. Kf2 Kd6 34. Ke3 Bc4 35. Ke4 Bb3 36. Rc1 Bc4 37. a4 Bd5+ 38. Kd3 Bc4+ 39. Rxc4 bxc4+ 40. Kxc4 Kc6 41. b5+ axb5+ 42. axb5+ Kb6 43. d5 exd5+ 44. Kxd5 Kxb5 45. Ke6 f5 46. Kf6 f4 47. Kxg6 Kc5 48. Kf5 Kd5 49. Kxf4 Ke6 50. Kg5 Kf7 51. f4 Kg8 52. f5 Kh7 53. f6 Kg8 54. Kg6 Kh8 55. f7 1/2-1/2


[Site "https://www.chess.com"]

[Event "Titled Tuesday Blitz December 06 Early 2022"]
[White "Maksimovic, Bojan"]
[Black "Lenderman, Aleksandr"]
[WhiteFideId "14408120"]
[BlackFideId "2021285"]
[WhiteElo "2462"]
[BlackElo "2607"]
[Result "0-1"]
[Round "06"]
[TimeControl "180+1"]
[Date "2022.12.06"]
[WhiteClock "0:00:11"]
[BlackClock "0:02:12"]

1. e4 e6 2. d4 d5 3. Nc3 dxe4 4. Nxe4 Nd7 5. Nf3 Ngf6 6. Nxf6+ Nxf6 7. c3 Bd6 8. Bd3 b6 9. Ne5 O-O 10. Qf3 Nd5 11. c4 Nb4 12. Be4 f5 13. Bxa8 Nc2+ 14. Kf1 Bxe5 15. dxe5 Nxa1 16. g3 Nc2 17. Kg2 Ba6 18. Bc6 Nd4 19. Rd1 Nxf3 20. Rxd8 Rxd8 21. Kxf3 Bxc4 22. Bg5 Rd3+ 23. Kg2 Bd5+ 0-1


[Site "https://www.chess.com"]